[Event "Campeonato de España Universitario Relámpago"]
[Site "Zaragoza, Spain"]
[Date "2024.04.24"]
[Round "1.1"]
[White "Aguilar Martin, Jorge"]
[Black "Lianes Garcia, Marcos"]
[Result "0-1"]
[TimeControl "3 min + 2 sg"]
[WhiteFideId "24522333"]
[BlackFideId "32060777"]
[WhiteElo "1963"]
[BlackElo "2382"]

1. c4 g6 2. Nc3 Bg7 3. e4 c5 4. Nge2 Nc6 5. g3 d6 6. h3 e5 7. Bg2 Nge7 8. O-O O-O 9. d3 Nd4 10. Nxd4 cxd4 11. Ne2 Rb8 12. a4 f5 13. exf5 Nxf5 14. Rb1 Be6 15. b4 b6 16.
Ba3 Qd7 17. Kh2 Rfc8 18. a5 Bf8 19. axb6 axb6 20. b5 d5 21. Bxf8 Kxf8 22. cxd5 Bxd5 23. Qd2 Bxg2 24. Kxg2 Rc5 25. Rfc1 Rbc8 26. Qg5 Kg7 27.
Qd2 R8c7 28. Qd1 Qd5+ 29. Kg1 Qf3 30. Rxc5 Rxc5 31. Ra1 Rc7 32. Qd2 Rf7 33. Nc1 Nxg3 34. fxg3 Qf1+ 0-1

[Event "Campeonato de España Universitario Relámpago"]
[Site "Zaragoza, Spain"]
[Date "2024.04.24"]
[Round "1.2"]
[White "Lopez Mulet, Inigo"]
[Black "Sanleon Pravisano, Nieves"]
[Result "1-0"]
[TimeControl "3 min + 2 sg"]
[WhiteFideId "22235620"]
[BlackFideId "32088590"]
[WhiteElo "2347"]
[BlackElo "1947"]

1. Nf3 Nf6 2. d4 d5 3. e3 Bf5 4.
Nbd2 e6 5. b3 h6 6. Bb2 Bd6 7. Bd3 O-O 8. Ne5 c5 9. Bxf5 exf5 10. Qf3 Qc8 11. dxc5 Bxc5 12. Rg1 Bb4 13. O-O-O Bc3 14.
g4 fxg4 15. Nxg4 Nxg4 16. Rxg4 Bxb2+ 17. Kxb2 Qe6 18. Qf4 Nc6 19. Nf3 Rac8 20. Rdg1 g6 21. c3 Ne7 22. Qxh6 Rc6 23. Nd4 Qf6 24. Rf4 Qg7 25. Qxg7+ Kxg7 26. Nxc6 bxc6 27. Ra4 Nf5 28.
Rxa7 Rh8 29. Rg2 Nh4 30.
Rg4 1-0

[Event "Campeonato de España Universitario Relámpago"]
[Site "Zaragoza, Spain"]
[Date "2024.04.24"]
[Round "1.3"]
[White "Aguilar Martin, Alberto"]
[Black "Luque Saiz, Andres"]
[Result "0-1"]
[TimeControl "3 min + 2 sg"]
[WhiteFideId "32097492"]
[BlackFideId "24510793"]
[WhiteElo "1943"]
[BlackElo "2346"]

1. e4 c5 2. Nf3 a6 3. d4 cxd4 4. Nxd4 e5 5. Nf3 Nc6 6. Nc3 Bc5 7. Be2 Nf6 8. O-O O-O 9. Bg5 h6 10. Bxf6 Qxf6 11. Nd5 Qd8 12. c3 d6 13. Qb3 Kh8 14. Rad1 Rb8 15. Bd3 Be6 16. Nd2 Ne7 17. c4 Nc6 18.
Nf3 Bg4 19. Be2 f5 20. h3 Bxf3 21. Bxf3 Nd4 22. Qd3 Qg5 23. b4 Ba7 24. Kh1 Nxf3 25. Qxf3 fxe4 26. Qxe4 Bxf2 27. Rd3 Bd4 28. Rdf3 Rxf3 29. Qxf3 Qg6 30. Ne7 Qe6 31. Nd5 Kg8 32. a4 Rc8 33. Qd3 Rf8 34.
Rxf8+ Kxf8 35. Qf3+ Qf7 36.
Qxf7+ Kxf7 37. g4 Ke6 38.
Kg2 e4 39. Kg3 Ke5 40. Ne7 Bc3 41.
b5 a5 42. Nf5 g6 43. Nxh6 Kd4 44.
Nf7 e3 45. Kf3 Kd3 46. Nxd6 e2 0-1

[Event "Campeonato de España Universitario Relámpago"]
[Site "Zaragoza, Spain"]
[Date "2024.04.24"]
[Round "1.4"]
[White "Quispe Arteaga, Gabriel"]
[Black "Llena Velarde, David"]
[Result "1-0"]
[TimeControl "3 min + 2 sg"]
[WhiteFideId "32059809"]
[BlackFideId "32092024"]
[WhiteElo "2304"]
[BlackElo "1941"]

1. Nf3 Nf6 2. c4 e6 3. Nc3 d5 4. d4 Be7 5. cxd5 exd5 6. Bg5 c6 7. e3 Bf5 8.
Nh4 Bg4 9. Be2 Bxe2 10. Qxe2 h6 11. Bxf6 Bxf6 12. Nf3 O-O 13.
O-O Re8 14. b4 a6 15. a4 Nd7 16. Rfd1 b5 17. a5 Qe7 18. Rab1 Qd6 19. Ne1 Nf8 20. Qc2 Rac8 21. Nd3 Ne6 22.
Ne2 g6 23. Nec1 Be7 24. Nb3 Qb8 25. Rbc1 Bd6 26. h3 Qc7 27. Qd2 Qe7 28. Rc2 Rc7 29. Rdc1 Rec8 30. Ndc5 Bxc5 31. Nxc5 Nxc5 32. Rxc5 Qd6 33. Qc2 Qe6 34. Qd2 Qd6 35. R5c2 Re8 36. Qc3 Re6 37. Qc5 Qxc5 38.
Rxc5 Rd6 39. Kf1 Kf8 40. Ke2 Ke7 41. Kd3 Kd7 42. f3 f5 43. g4 Re6 44. gxf5 gxf5 45. Rg1 Kd6 46. f4 Rce7 47. Rg3 h5 48.
h4 Kd7 49. Kd2 Kd6 50. Rc3 Rh7 51. Rg5 Rf6 52. Ke2 Ke7 53. Rg8 Rd6 54. Ra8 Rg7 55. Ra7+ Kf6 56. Rxa6 Rg2+ 57. Kd3 Rb2 58. Rcxc6 Rxc6 59. Rxc6+ Ke7 60. Kc3 Rb1 61. Rc5 Rc1+ 62. Kd3 Rc4 63. Rxb5 1-0

[Event "Campeonato de España Universitario Relámpago"]
[Site "Zaragoza, Spain"]
[Date "2024.04.24"]
[Round "1.5"]
[White "Perez Garcia, Jimena"]
[Black "Quintin Navarro, Alberto"]
[Result "0-1"]
[TimeControl "3 min + 2 sg"]
[WhiteFideId "24517127"]
[BlackFideId "2292688"]
[WhiteElo "1936"]
[BlackElo "2289"]

1. d4 Nf6 2. c4 g6 3. Nc3 Bg7 4. e4 d6 5. Be2 O-O 6. Be3 Nc6 7. d5 Nb4 8. a3 Na6 9. Qc2 e6 10. Nf3 exd5 11. cxd5 Re8 12. Nd2 Ng4 13.
Bxg4 Bxg4 14. O-O Bd7 15. Rac1 c5 16. Nc4 Bf8 17. Bf4 Qf6 18. Bg3 b5 19. Na5 b4 20. axb4 Nxb4 21. Qd2 Rab8 22.
Nc4 h5 23. h3 Kh7 24. Ra1 a6 25. Rfe1 Bh6 26. Qd1 Bf8 27. Qd2 Bb5 28. Nxb5 axb5 29. Na5 Bh6 30. Qd1 Ra8 31. Nb7 Rxa1 32.
Qxa1 Nc2 33. Qb1 Nxe1 34. Qxe1 Bf8 35. Qa5 Qxb2 36.
Nxd6 Bxd6 37. Bxd6 Qb1+ 38. Kh2 Qxe4 39. Qxb5 Rd8 40. Qxc5 Qf5 41. Qc7 Qd7 42. Qxd7 Rxd7 43. Bf4 Rxd5 44. Kg3 g5 45. Be3 Kg6 46. h4 f6 47. hxg5 fxg5 48. Kf3 Rb5 49. Kg3 Rb3 50. Kh2 Kf5 51. Kg3 Ke4 52. Kh2 Rxe3 53. fxe3 Kxe3 54. Kg3 Ke4 55. Kh3 Kf4 56. Kh2 g4 57. Kg1 Ke3 58. Kh2 Kf2 59. Kh1 h4 60. Kh2 h3 61. gxh3 g3 62. Kh1 g2+ 0-1

[ePGN "0.1;DGT LiveChess/2.2.6"]

[Event "Campeonato de España Universitario Relámpago"]
[Site "Zaragoza, Spain"]
[Date "2024.04.24"]
[Round "2.1"]
[White "Lianes Garcia, Marcos"]
[Black "Donate Moreno, Silvia"]
[Result "1-0"]
[TimeControl "3 min + 2 sg"]
[WhiteFideId "32060777"]
[BlackFideId "24581887"]
[WhiteElo "2382"]
[BlackElo "2047"]

1. e4 c5 2. g3 d5 3.
exd5 Qxd5 4. Nf3 Bg4 5. Bg2 Qe6+ 6. Kf1 Nc6 7. h3 Bh5 8. d3 Qd7 9. Na3 Nf6 10. Nc4 e6 11. g4 Bg6 12. Nfe5 Nxe5 13. Nxe5 Qc7 14. Bf4 Bd6 15. Nxg6 hxg6 16.
Bxd6 Qxd6 17. Bxb7 Rb8 18. Qf3 O-O 19. b3 Rfd8 20. Re1 Qd4 21.
Ba6 Qc3 22. Re2 Qa5 23. Bc4 Qxa2 24. Kg2 Qa5 25. Rhe1 Qc7 26. Ra1 Rd4 27. Ra6 Rf4 28. Qc6 Rc8 29. Qxc7 Rxc7 30. Re1 Nd7 31. Rea1 Ne5 32. Rxa7 Rxa7 33.
Rxa7 Nc6 34. Rc7 Nd4 35. c3 Ne2 36.
Rxc5 Nxc3 37. b4 Rd4 38. Rc8+ Kh7 39. b5 Na4 40. Rc7 Kg8 41. Kf3 e5 42. Bxf7+ Kh7 43. Bc4 Nb6 44. Ke3 Rd6 45. Rc6 Nxc4+ 46. dxc4 1-0

[Event "Campeonato de España Universitario Relámpago"]
[Site "Zaragoza, Spain"]
[Date "2024.04.24"]
[Round "2.2"]
[White "Eizaguerri Floris, Maria"]
[Black "Lopez Mulet, Inigo"]
[Result "0-1"]
[TimeControl "3 min + 2 sg"]
[WhiteFideId "32065752"]
[BlackFideId "22235620"]
[WhiteElo "2037"]
[BlackElo "2347"]

1. e4 g6 2. d4 Bg7 3. Nc3 c5 4. Nf3 Qa5 5. Be3 Nf6 6. Qd2 Ng4 7. Nd5 Qd8 8. Bf4 d6 9.
dxc5 e6 10. Nc3 dxc5 11. Qxd8+ Kxd8 12. Rd1+ Nd7 13. Nb5 Bxb2 14. Nc7 Rb8 15. Nxe6+ fxe6 16. Bxb8 Bc3+ 17. Ke2 b6 18. Ng5 Ke7 19. Bd6+ Kf6 20. h4 Nde5 21. Bxe5+ Nxe5 22. f3 Bd4 23. Ke1 Rd8 24. Nh3 Bc3+ 25. Ke2 Ba6+ 26. Rd3 Nxd3 27. cxd3 Rxd3 28. Kf2 Rd1 29. Ng5 Bd4+ 30. Kg3 Rxf1 31. Rxf1 Bxf1 32.
Nxh7+ Ke7 33. Ng5 Bf6 34. Nh3 Bc4 35.
Nf4 Kf7 36. a3 Bb3 37. Nd3 c4 38. Nc1 Bb2 39. Ne2 Bd1 0-1

[Event "Campeonato de España Universitario Relámpago"]
[Site "Zaragoza, Spain"]
[Date "2024.04.24"]
[Round "2.3"]
[White "Luque Saiz, Andres"]
[Black "Rodriguez Pereira, Enrique"]
[Result "1-0"]
[TimeControl "3 min + 2 sg"]
[WhiteFideId "24510793"]
[BlackFideId "24543160"]
[WhiteElo "2346"]
[BlackElo "2027"]

1. e4 c5 2. Nf3 Nc6 3. Bb5 Nf6 4. e5 Nd5 5. Nc3 Nc7 6.
Bc4 g6 7. O-O Bg7 8. Re1 O-O 9. a4 d5 10. exd6 exd6 11. h3 d5 12. Ba2 b6 13. d3 Bb7 14. Bg5 Qd7 15. Qd2 Nd4 16.
Nxd4 Bxd4 17. Re7 Qd6 18. Rae1 Ne6 19. Rxb7 Rfe8 20. Nb5 Qc6 21. Re7 Nxg5 22. Qxg5 Bxb2 23. Bxd5 Rxe7 24. Rxe7 Qf6 25.
Qxf6 Bxf6 26. Rxf7 Rd8 27. Rd7+ Kh8 28. Rxd8+ Bxd8 29. Nxa7 Kg7 30. Nc6 Bc7 31. Kf1 1-0

[Event "Campeonato de España Universitario Relámpago"]
[Site "Zaragoza, Spain"]
[Date "2024.04.24"]
[Round "2.4"]
[White "Colichon Rebryck, Carlos Alexei"]
[Black "Quispe Arteaga, Gabriel"]
[Result "0-1"]
[TimeControl "3 min + 2 sg"]
[WhiteFideId "24523690"]
[BlackFideId "32059809"]
[WhiteElo "2030"]
[BlackElo "2304"]

1. e4 c5 2. Nc3 e6 3. f4 a6 4. a4 Nc6 5. Nf3 d5 6. d3 Nf6 7. e5 Ng8 8. Be2 Nge7 9. O-O h5 10.
d4 Nf5 11. dxc5 Bxc5+ 12. Kh1 h4 13.
h3 Ng3+ 14. Kh2 Nxf1+ 15. Bxf1 Ne7 16. Rb1 Nf5 17. b4 Ba7 18. Qd3 Bd7 19. b5 Bc5 20. Ng5 Qe7 21. Be2 f6 22. Nf3 a5 23.
b6 O-O 24. Bd2 Rac8 25. Be1 Bb4 26. Rb3 Ng3 27. Bxg3 0-1

[Event "Campeonato de España Universitario Relámpago"]
[Site "Zaragoza, Spain"]
[Date "2024.04.24"]
[Round "2.5"]
[White "Quintin Navarro, Alberto"]
[Black "Rodriguez Ferreiros, Andres"]
[Result "0-1"]
[TimeControl "3 min + 2 sg"]
[WhiteFideId "2292688"]
[BlackFideId "32066201"]
[WhiteElo "2289"]
[BlackElo "2018"]

1. Nf3 e6 2. c4 d5 3. d4 a6 4. Bg5 Nf6 5. Nbd2 Be7 6. g3 dxc4 7. Bg2 Nc6 8. e3 b5 9. Bxf6 gxf6 10.
O-O Bb7 11. Rc1 Nb4 12. a4 Nd3 13. Rb1 c5 14. Qc2 cxd4 15. exd4 Rc8 16. axb5 axb5 17. Ra1 Bd5 18. Ra7 O-O 19. Nb1 Ra8 20. Rxa8 Qxa8 21.
Nh4 Bxg2 22. Nxg2 Qd5 23. Nc3 Qxd4 24. Nxb5 Qc5 25. Nc3 f5 26. Ne2 Rb8 27. b4 Rxb4 28. Qa2 Bf6 29. Qa8+ Qf8 30. Qf3 Ne5 31. Qf4 c3 32. Qe3 Ng4 33.
Qd3 Qc8 34. Rc1 Qc5 35. Qf3 c2 36.
Ne3 Nxe3 37. Qxe3 Qxe3 38. fxe3 Rb1 39. Kf2 Rxc1 40.
Nxc1 Bb2 0-1

[ePGN "0.1;DGT LiveChess/2.2.6"]

[Event "Campeonato de España Universitario Relámpago"]
[Site "Zaragoza, Spain"]
[Date "2024.04.24"]
[Round "3.1"]
[White "Travesset Sagre, Jan"]
[Black "Lianes Garcia, Marcos"]
[Result "0-1"]
[TimeControl "3 min + 2 sg"]
[WhiteFideId "24538701"]
[BlackFideId "32060777"]
[WhiteElo "2084"]
[BlackElo "2382"]

1. d4 g6 2. c4 Bg7 3. Nf3 c5 4. e4 d6 5. dxc5 Qa5+ 6. Bd2 Qxc5 7. Nc3 Nf6 8. Be2 O-O 9. O-O Be6 10. Rc1 Nbd7 11. Be3 Qa5 12. Nd4 Rac8 13. Nxe6 fxe6 14. b3 e5 15. Bg4 Rcd8 16.
Bh3 Kh8 17. Qc2 Nc5 18. f3 a6 19. Nd5 Nxd5 20. cxd5 b6 21. Rfd1 Qa3 22. Rb1 Ra8 23. Bc1 Qb4 24. a4 Nb7 25.
Kh1 Qc5 26. Rb2 a5 27. Re1 Qxc2 28. Rxc2 Nc5 29. Rc3 h5 30.
Be3 Kh7 31. Rec1 Rab8 32. Kg1 Bh6 33. Kf2 Rb7 34. Ke2 Bxe3 35. Rxe3 b5 36. axb5 Rxb5 37. Rcc3 Rfb8 38. Kd2 Nxb3+ 39. Ke2 Nc5 40. Kf2 a4 41. Kg3 Kh6 42. Rc2 Rb2 43. Ree2 Rxc2 44. Rxc2 a3 45. Be6 Ra8 46. Ra2 Nxe6 47. dxe6 Kg5 0-1

[Event "Campeonato de España Universitario Relámpago"]
[Site "Zaragoza, Spain"]
[Date "2024.04.24"]
[Round "3.2"]
[White "Lopez Mulet, Inigo"]
[Black "Khudov, Oleksandr"]
[Result "1-0"]
[TimeControl "3 min + 2 sg"]
[WhiteFideId "22235620"]
[BlackFideId "14176432"]
[WhiteElo "2347"]
[BlackElo "2125"]

1. Nf3 d5 2. d4 Nf6 3. e3 Bf5 4. Bd3 Bg6 5. O-O e6 6. b3 Nbd7 7. Bb2 Bd6 8.
Ne5 c6 9. Nd2 Qc7 10. f4 c5 11. Ndf3 cxd4 12. exd4 O-O 13. Qe2 Rac8 14. Rac1 Bxd3 15. Qxd3 Ne4 16. c4 Qd8 17. c5 Bb8 18. b4 a6 19. a4 f6 20.
Nxd7 Qxd7 21. Nd2 Nxd2 22. Qxd2 Qxa4 23. Rce1 Qd7 24. Rf3 Rfe8 25.
Qd3 Re7 26. Bc1 Rce8 27. Rh3 g6 28. Rf1 Qb5 29. Qxb5 axb5 30. Ra3 e5 31. fxe5 fxe5 32. dxe5 Bxe5 33. Be3 Bxh2+ 34. Kxh2 Rxe3 35. Ra5 d4 36. Rxb5 R8e7 37. Rb6 Rd7 38. Rd1 Rb3 39. Rd6 Rf7 40. R1xd4 Rb2 41. Rd8+ Rf8 42. R8d7 Rff2 43. Rg4 Rf5 44. Rxb7 Rxc5 45. Rb8+ Kg7 46. Rb7+ Kg8 47. Rd4 Rc8 48. Rdd7 Re8 49. Rxh7 Rc2 50. Rhg7+ Kf8 51. Rxg6 Rb2 52. Rh6 Kg8 53. Rhh7 Rb3 54. b5 Rb2 55. Rhg7+ Kf8 56. Rbf7# Ra8 1-0

[Event "Campeonato de España Universitario Relámpago"]
[Site "Zaragoza, Spain"]
[Date "2024.04.24"]
[Round "3.3"]
[White "Garcia Escoda, Marc"]
[Black "Luque Saiz, Andres"]
[Result "0-1"]
[TimeControl "3 min + 2 sg"]
[WhiteFideId "24509655"]
[BlackFideId "24510793"]
[WhiteElo "2062"]
[BlackElo "2346"]

1. Nf3 c5 2. e4 a6 3. c4 Nc6 4. Nc3 e5 5. Be2 g6 6.
O-O Bg7 7. d3 d6 8. Bg5 f6 9. Be3 Nge7 10. Nd5 O-O 11. a3 f5 12.
Bg5 h6 13. Bxe7 Nxe7 14. b4 Nc6 15. bxc5 dxc5 16. Rb1 Rb8 17.
Rb6 Kh7 18. Qb3 Nd4 19. Nxd4 exd4 20. Rxa6 b5 21. Ra7 Be6 22. cxb5 Bxd5 23. Qxd5 Qxd5 24. exd5 Rxb5 25. Bf3 Rb3 26. Rd1 Rfb8 27. h4 g5 28. hxg5 hxg5 29. g4 fxg4 30. Bxg4 Rd8 31. Be6 Kg6 32. Ra6 Bf6 33. Rc1 Rxd3 34. Rxc5 Rd1+ 35. Kg2 d3 36. Bg4 Rd2 37. Rcc6 Rf8 38. Bf3 Kg7 39. Ra7+ Kg8 40.
Be4 Bd4 41. Bh7+ Kh8 42. Rh6 Rdxf2+ 43. Kg3 Be5+ 44. Kg4 Rg2+ 45. Kh5 Rh2+ 46. Kg6 Rxh6+ 47. Kxh6 d2 48. Bc2 Rf6+ 49. Kxg5 Rf8 50. Kg6 Rg8+ 51. Kf5 Bc3 52. Ke6 Rc8 53. Bd1 Bd4 54. d6 Bxa7 0-1

[Event "Campeonato de España Universitario Relámpago"]
[Site "Zaragoza, Spain"]
[Date "2024.04.24"]
[Round "3.4"]
[White "Quispe Arteaga, Gabriel"]
[Black "Tadevosyan, Aspet"]
[Result "1-0"]
[TimeControl "3 min + 2 sg"]
[WhiteFideId "32059809"]
[BlackFideId "24526134"]
[WhiteElo "2304"]
[BlackElo "2092"]

1. b3 d5 2. Bb2 c5 3. e3 f6 4. d4 Nc6 5. Nf3 Bg4 6. Be2 e6 7. O-O cxd4 8. Nxd4 Bxe2 9. Qxe2 Qd7 10.
c4 Nxd4 11. exd4 Be7 12. Nc3 Nh6 13. cxd5 exd5 14. Qh5+ Nf7 15. Rfe1 O-O 16. Qxd5 Bd6 17. Qe6 Rad8 18. Qxd7 Rxd7 19. Ne4 Bb4 20. Re2 Rc8 21. g3 Nd6 22. Nxd6 Bxd6 23. Kg2 Kf7 24.
Rc1 Rdc7 25. Rxc7+ Rxc7 26. Kf3 a6 27. h3 Rc8 28. g4 h6 29. d5 Rc5 30. Ke4 Rc8 31. Kf3 Rc5 32. Rd2 Rc8 33. Bd4 Rc1 34. h4 Rh1 35.
h5 Rc1 36. Be3 Ra1 37. Rc2 Ke7 38.
Ke4 Kd7 39. Kf5 Rg1 40. Rc4 Bf8 41. Bf4 Bd6 42. Bxd6 Kxd6 43. Kg6 b5 44. Re4 Kxd5 45. f3 a5 46. Rf4 Rg2 47. Kxg7 Rxa2 48. Kxf6 Rb2 49. g5 hxg5 50. Kxg5 Rxb3 51. h6 Rc3 52. h7 Rc8 53. Rf5+ Kc4 54. Rf7 a4 55. Rc7+ Rxc7 56. h8=Q Rc5+ 57. Kf4 Kb4 58. Qf8 a3 59. Ke4 a2 60. Qf6 Rc3 61. Qd6+ Kb3 62. Qd5+ Kc2 63. Qxa2+ 1-0

[Event "Campeonato de España Universitario Relámpago"]
[Site "Zaragoza, Spain"]
[Date "2024.04.24"]
[Round "3.5"]
[White "Carbonell Sancho, Marc"]
[Black "Serrano Almendros, Alejandro"]
[Result "1-0"]
[TimeControl "3 min + 2 sg"]
[WhiteFideId "32029969"]
[BlackFideId "24561576"]
[WhiteElo "2279"]
[BlackElo "2078"]

1. Nf3 d5 2. g3 Nf6 3.
Bg2 e6 4. O-O c5 5. d3 Nc6 6. Nbd2 g6 7. e4 Bg7 8. Re1 O-O 9. c3 a5 10. a4 Qc7 11. Nb1 d4 12. Na3 Nd7 13.
Nb5 Qb6 14. h4 Na7 15. c4 Nc6 16. h5 e5 17. Nh4 Nf6 18. h6 Bh8 19. f4 Ng4 20. Bh3 Ne3 21. Bxe3 Bxh3 22. Bd2 Qd8 23. f5 Bf6 24. Nf3 Bg4 25. Qe2 gxf5 26. exf5 Bxf5 27. Rf1 Bg4 28. Qe4 Qd7 29. Nc7 Bf5 30. Nxe5 Bxe5 31. Rxf5 Bxc7 32.
Qg4+ 1-0

[ePGN "0.1;DGT LiveChess/2.2.6"]

[Event "Campeonato de España Universitario Relámpago"]
[Site "Zaragoza, Spain"]
[Date "2024.04.24"]
[Round "4.1"]
[White "Lianes Garcia, Marcos"]
[Black "Carbonell Sancho, Marc"]
[Result "1-0"]
[TimeControl "3 min + 2 sg"]
[WhiteFideId "32060777"]
[BlackFideId "32029969"]
[WhiteElo "2382"]
[BlackElo "2279"]

1. e4 d6 2. g3 g6 3. Bg2 Bg7 4. Ne2 Nf6 5.
c3 O-O 6. O-O e5 7. d4 Nbd7 8. h3 c6 9. Be3 Re8 10. Qd3 d5 11. exd5 cxd5 12. Nd2 e4 13. Qc2 b6 14. c4 Ba6 15.
Qa4 Qc8 16. b3 Qb7 17. Nc3 Rac8 18. Rfc1 dxc4 19. bxc4 Rc7 20. Rab1 Rec8 21. Ncxe4 Qc6 22. Qxa6 Nxe4 23. Nxe4 Qe6 24. d5 Qe5 25. Bf4 1-0

[Event "Campeonato de España Universitario Relámpago"]
[Site "Zaragoza, Spain"]
[Date "2024.04.24"]
[Round "4.2"]
[White "Domingo Nunez, Alejandro"]
[Black "Lopez Mulet, Inigo"]
[Result "0-1"]
[TimeControl "3 min + 2 sg"]
[WhiteFideId "22245561"]
[BlackFideId "22235620"]
[WhiteElo "2252"]
[BlackElo "2347"]

1. Nf3 d5 2. g3 g6 3. d4 Bg7 4.
Bg2 Nf6 5. O-O O-O 6. c4 dxc4 7. Na3 c3 8. bxc3 c5 9. Bb2 Qa5 10. Nc4 Qa6 11. Ne3 Nbd7 12. d5 Nb6 13. Ne5 Nfd7 14. Nxd7 Bxd7 15. Qc2 Bb5 16.
Rfe1 Rfd8 17. Rac1 Nc4 18. Nxc4 Bxc4 19. e4 Qxa2 20. Ra1 Qb3 21. Qd2 Qb5 22. e5 Bd3 23. Rad1 c4 24. Ba3 Re8 25. d6 Qb3 26. Bc5 exd6 27. Bxd6 Rad8 28. Rc1 a5 29. h4 h5 30. Ra1 Kh7 31.
Ra3 Qb5 32. Rea1 b6 33. f4 Rxd6 34. exd6 Re2 35. Qd1 Qc5+ 0-1

[Event "Campeonato de España Universitario Relámpago"]
[Site "Zaragoza, Spain"]
[Date "2024.04.24"]
[Round "4.3"]
[White "Luque Saiz, Andres"]
[Black "Vela Frago, Alberto"]
[Result "0-1"]
[TimeControl "3 min + 2 sg"]
[WhiteFideId "24510793"]
[BlackFideId "24531685"]
[WhiteElo "2346"]
[BlackElo "2203"]

1. e4 e5 2. Nf3 Nf6 3. d3 Nc6 4. Nbd2 d5 5. c3 Bc5 6.
Be2 a5 7. O-O O-O 8. h3 Re8 9.
Qc2 h6 10. Rd1 Bb6 11. Nf1 Be6 12. Be3 d4 13. cxd4 exd4 14. Bf4 Nd7 15. Qd2 a4 16. Ng3 Qe7 17. Nh5 Ba5 18. Qc1 Qc5 19. Qxc5 Nxc5 20. Rac1 Nd7 21.
a3 Bb3 22. Rf1 g6 23. Ng3 Kg7 24. Bd2 Bxd2 25. Nxd2 Be6 26. f4 f6 27. f5 gxf5 28. Nxf5+ Bxf5 29. Rxf5 Nde5 30. Nf3 Nxf3+ 31. Rxf3 Ra5 32.
Rf2 Ree5 33. Bg4 Rec5 34. Rcf1 Ne5 35. Rxf6 Rc6 36. Rxc6 Nxc6 37. Rc1 Rb5 38. Rc2 Kf6 39. Kf2 Ne5 40. Be2 c5 41. Kg3 Rb3 42. Rxc5 Rxb2 43. Bf3 Rb3 44. Rd5 Rxd3 45. Kf4 Ng6+ 46. Kg4 Ne5+ 47. Kf4 Ng6+ 48. Kg3 Rxa3 49. Rxd4 b5 50. Rd6+ Kg7 51. Rd7+ Kf8 52. Rd6 Kf7 53. Kg4 Ne5+ 54. Kf4 Nxf3 55. gxf3 Ra1 56. Kf5 a3 57. e5 a2 58. Ra6 b4 59. Ra7+ Ke8 60. Ke6 Kd8 61. f4 b3 62. Ra8+ Kc7 63. Ra7+ Kb6 64. Ra8 Rf1 65. f5 a1=Q 66. Rxa1 Rxa1 67.
f6 b2 68. f7 Ra8 69. Kf6 b1=Q 70.
e6 Qf1 71. Kg7 Qg2+ 72. Kh7 Qe4+ 73. Kg7 Qxe6 0-1

[Event "Campeonato de España Universitario Relámpago"]
[Site "Zaragoza, Spain"]
[Date "2024.04.24"]
[Round "4.4"]
[White "Garcia Sancho, Josep"]
[Black "Quispe Arteaga, Gabriel"]
[Result "0-1"]
[TimeControl "3 min + 2 sg"]
[WhiteFideId "32010168"]
[BlackFideId "32059809"]
[WhiteElo "2003"]
[BlackElo "2304"]

1. c4 g6 2. Nc3 Bg7 3. g3 f5 4. Bg2 Nf6 5. e3 O-O 6. Nge2 d6 7. O-O Nbd7 8. b3 e5 9. Bb2 e4 10. d3 Ne5 11. dxe4 fxe4 12. Nxe4 Nxe4 13. Bxe4 Bh3 14. Re1 Bg4 15. Bxe5 Bxe5 16.
Qd5+ Kh8 17. Nf4 Bxa1 18. Rxa1 Qf6 19. Rc1 g5 20. Nd3 c6 21. Qd4 Qxd4 22. exd4 Rae8 23. Re1 Kg7 24. f3 Bf5 25.
Kg2 g4 26. Bxf5 gxf3+ 27. Kxf3 Rxf5+ 28. Kg2 Rxe1 29. Nxe1 Ra5 30. a4 b5 31. axb5 cxb5 32. c5 dxc5 33. dxc5 Ra3 34. Kf3 Rxb3+ 35. Ke4 Rc3 36. Kd5 b4 37. Kd4 a5 38.
Nd3 Rc2 39. Ne5 b3 40. Nc4 Rxc4+ 0-1

[Event "Campeonato de España Universitario Relámpago"]
[Site "Zaragoza, Spain"]
[Date "2024.04.24"]
[Round "4.5"]
[White "Diaz Mino, Pablo"]
[Black "Fernandez Lopez, Ruben"]
[Result "0-1"]
[TimeControl "3 min + 2 sg"]
[WhiteFideId "24520470"]
[BlackFideId "24518298"]
[WhiteElo "2127"]
[BlackElo "2262"]

1. e4 c5 2. c3 Nf6 3. e5 Nd5 4. d4 cxd4 5. Nf3 e6 6. cxd4 d6 7. Bc4 Nc6 8.
O-O Be7 9. a3 O-O 10. Bd3 dxe5 11. dxe5 Qc7 12. Re1 Rd8 13. Qc2 g6 14. b4 a6 15. Bb2 Bd7 16. Nbd2 Rac8 17. Ne4 Nxe5 18. Qd1 Nxd3 19. Qxd3 Bb5 20.
Qd4 f6 21. Rac1 Qd7 22. Nc5 Bxc5 23. bxc5 Bc6 24. Rcd1 Qg7 25.
Rxe6 Re8 26. Rd6 Rcd8 27. h3 Rxd6 28.
cxd6 Qd7 29. Qc5 Nf4 30. Qc4+ Ne6 31. Nd4 Qxd6 32. Re1 Bd5 33. Qc3 Ng7 34. Rxe8+ Nxe8 35. Qc8 Kf7 36. Qg4 h5 37. Qc8 Qe7 38. Qc1 Qe4 39. f3 Qe7 40.
Kf2 Nd6 41. Qh6 Qf8 42. Qf4 Nc4 43. Bc3 Qxa3 44. Qc7+ Qe7 45. Qf4 g5 46. Qc1 h4 47. Qb1 Qe3+ 48. Kf1 Qxc3 49. Qh7+ Ke8 50. Qh8+ Kd7 51. Qg7+ Kc8 52. Qf8+ Kc7 53. Qc5+ Bc6 54. Ne6+ Kd7 55. Nf8+ Ke8 56. Ng6 Nd2+ 0-1

[ePGN "0.1;DGT LiveChess/2.2.6"]

[Event "Campeonato de España Universitario Relámpago"]
[Site "Zaragoza, Spain"]
[Date "2024.04.24"]
[Round "5.2"]
[White "Lopez Mulet, Inigo"]
[Black "Vela Frago, Alberto"]
[Result "1/2-1/2"]
[TimeControl "3 min + 2 sg"]
[WhiteFideId "22235620"]
[BlackFideId "24531685"]
[WhiteElo "2347"]
[BlackElo "2203"]

1. Nf3 d5 2. g3 Nd7 3. d4 Nb6 4. Bg2 Bf5 5. Bf4 e6 6. Nbd2 h6 7. c4 c6 8. Qb3 Qc8 9. a4 Nf6 10. a5 Nbd7 11. O-O Be7 12. Ne5 Nxe5 13. Bxe5 O-O 14. Rfe1 a6 15. e4 dxe4 16. Nxe4 Nxe4 17. Bxe4 Bxe4 18. Rxe4 Qd7 19. Rae1 c5 20. d5 exd5 21. cxd5 Rad8 22. Bxg7 Kxg7 23. Rxe7 Qxd5 24.
Qxb7 Qd6 25. Qb6 c4 26. h4 Qd5 27. R1e4 Rb8 28. Qe3 Rb3 29. Rg4+ Kh7 30. Qc1 Qf3 31. Qxc4 Rxb2 32. Qe4+ Qxe4 33. Rgxe4 Ra2 34. R4e5 Kg6 35. Ra7 Rd8 36. Rxa6+ Kg7 37. Rf5 Rd7 38. Kg2 Ra3 39.
Rb6 Ra7 40. Rbb5 Kg6 41. h5+ Kg7 42.
Rfd5 Rc3 43. g4 Ra3 44. f3 Rc3 45. Kg3 Ra3 46. Kf4 Rc3 47. Kf5 Rxf3+ 48. Ke4 Rg3 49. Kf4 Ra3 50. Rdc5 Rd3 51. Rb6 Ra3 52. Rbb5 Rd3 53. g5 Rd4+ 54. Ke3 Rd6 55.
Kf4 hxg5+ 56. Kxg5 Rd1 57. Rc4 Rg1+ 58. Rg4 Ra1 59. h6+ Kh7 60. Kf6 Ra6+ 61. Rb6 Rxb6+ 62. axb6 Rb1 63. Kxf7 Rxb6 64. Rf4 1/2-1/2

[Event "Campeonato de España Universitario Relámpago"]
[Site "Zaragoza, Spain"]
[Date "2024.04.24"]
[Round "5.3"]
[White "Sempere Domenech, Abel"]
[Black "Luque Saiz, Andres"]
[Result "0-1"]
[TimeControl "3 min + 2 sg"]
[WhiteFideId "24508470"]
[BlackFideId "24510793"]
[WhiteElo "1987"]
[BlackElo "2346"]

1. d4 Nf6 2. Bg5 Ne4 3. Bf4 c5 4. f3 Nf6 5. d5 e6 6. e4 exd5 7. exd5 d6 8. Nc3 Be7 9. Bc4 O-O 10. Nge2 a6 11. a4 Nh5 12. O-O Nxf4 13. Nxf4 Bf6 14. Kh1 Bf5 15. Bd3 Be5 16. Bxf5 Bxf4 17. Qd3 g6 18. Bh3 Nd7 19. Bxd7 Qxd7 20. Rae1 Rfe8 21. Re4 Be5 22. Rfe1 f5 23. R4e2 Bxc3 24. Qxc3 Qxa4 25. h4 Qxh4+ 26. Kg1 Rxe2 27. Rxe2 Kf7 28. Re6 Rd8 29. Qb3 b5 30. Qa3 Qd4+ 31. Kh1 Qxd5 32. Re1 Qc6 33. b4 Re8 34. Rd1 c4 35. Qc3 d5 36. Qd4 Qd6 37. c3 Qe5 38. Qa7+ Re7 39. Qa8 Qxc3 40. Qxd5+ Kg7 41. Qd6 Re1+ 42. Rxe1 Qxe1+ 43. Kh2 Qh4+ 44. Kg1 Qf6 45. Qc7+ Qf7 46. Qe5+ Kg8 47. Qb8+ Qf8 48. Qd6 Qxd6 0-1

[Event "Campeonato de España Universitario Relámpago"]
[Site "Zaragoza, Spain"]
[Date "2024.04.24"]
[Round "5.4"]
[White "Sanz Wawer, Daniel"]
[Black "Fernandez Lopez, Ruben"]
[Result "0-1"]
[TimeControl "3 min + 2 sg"]
[WhiteFideId "1185543"]
[BlackFideId "24518298"]
[WhiteElo "2214"]
[BlackElo "2262"]

1. d4 d5 2. Nf3 Nf6 3. e3 c6 4. c4 e6 5. Nbd2 Nbd7 6.
Bd3 Bd6 7. O-O O-O 8. e4 dxe4 9. Nxe4 Nxe4 10. Bxe4 Nf6 11. Bc2 c5 12. Bg5 h6 13. Be3 Qc7 14. h3 Rd8 15. Qe2 b6 16. Rad1 Bb7 17. b3 Qe7 18. Ne5 Nd7 19. Nxd7 Rxd7 20.
dxc5 Bxc5 21. Rxd7 Qxd7 22. Bxc5 bxc5 23. Rd1 Qc6 24. Qg4 Qc7 25. Qh4 Re8 26. Rd2 Qe5 27. Qg4 Qe1+ 28. Kh2 Qxd2 0-1